 Dungeon Crawl Stone Soup version 0.24-a0-549-g45f0056d81 (webtiles) character file.

Game seed: 6338798021291637100

788 DavidChitty2 the Conjurer (level 7, -3/60 HPs)
             Began as a Purple Draconian Conjurer on Aug 19, 2019.
             Shot with an arrow by a centaur (14 damage)
             ... on level 5 of the Dungeon.
             The game lasted 00:08:10 (5860 turns).

DavidChitty2 the Conjurer (DrCj)                    Turns: 5860, Time: 00:08:11

Health: -3/60      AC:  6    Str: 10    XL:     7   Next: 56%
Magic:  8/14       EV: 12    Int: 17    God:
Gold:   201        SH:  0    Dex: 12    Spells: 9/16 levels left

rFire    + . .     SeeInvis .   a - +1 falchion
rCold    + . .     Gourm    .   (no shield)
rNeg     . . .     Faith    .   (armour unavailable)
rPois    .         Spirit   .   (helmet restricted)
rElec    .         Reflect  .   j - scarf {rC+ rF+}
rCorr    .         Harm     .   (no gloves)
MR       +....                  (no boots)
Stlth    ++........             (no amulet)
HPRegen  0.20/turn              (no ring)
MPRegen  0.14/turn              (no ring)

@: no status effects
A: breathe power, unfitting armour, cold-blooded, AC +6
a: Breathe Dispelling Energy


You were on level 5 of the Dungeon.
You were hungry.

You visited 1 branch of the dungeon, and saw 5 of its levels.

You collected 201 gold pieces.

Inventory:

Hand Weapons
 a - a +1 falchion (weapon)
   (You took it off an orc on level 2 of the Dungeon)
 b - a +1 dagger of venom
   (You took it off an orc wizard on level 4 of the Dungeon)
 g - a +1 short sword of speed
   (You found it on level 1 of the Dungeon)
Armour
 j - a scarf of resistance (worn)
   (You found it on level 2 of the Dungeon)
Wands
 c - a wand of enslavement (10)
   (You found it on level 5 of the Dungeon)
Scrolls
 f - a scroll of identify {@r1}
 k - 3 scrolls of teleportation {@r4}
 m - 5 scrolls of remove curse {@r2}
 n - a scroll of enchant armour
Potions
 d - 3 potions of heal wounds {@q2}
 h - 3 potions of flight
 i - 2 potions of might
 l - 2 potions of agility
 p - 2 potions of curing {@q1}
Comestibles
 e - 7 rations {!d}


   Skills:
 + Level 4.3 Fighting
 - Level 1.7 Dodging
 - Level 1.7 Stealth
 + Level 5.2 Spellcasting
 * Level 7.2 Conjurations


You had 9 spell levels left.
You knew the following spells:

 Your Spells              Type           Power        Failure   Level  Hunger
a - Magic Dart            Conj           ####         1%          1    None
s - Searing Ray           Conj           ####..       1%          2    #......
x - Iskenderun's Mystic   Conj           ####....     7%          4    ####...

Your spell library contained the following spells:

 Spells                   Type           Power        Failure   Level  Hunger
 Dazzling Spray           Conj/Hex       ###...       10%         3    ###....
 Force Lance              Conj/Tloc      ###.....     30%         4    ####...
 Fulminant Prism          Conj/Hex       ###.......   30%         4    ####...


Dungeon Overview and Level Annotations

Branches:
Dungeon (5/15)
 Temple: D:4-7

Altars:
Makhleb


Innate Abilities, Weirdness & Mutations

You can breathe bolts of dispelling energy.
Your rich purple scales are hard. (AC +6)
You cannot fit into any form of body armour.
You are cold-blooded and may be slowed by cold attacks.


Message History

Found a stone staircase leading down.
An adder comes into view.
An adder is nearby!
Aim: an adder (resting)
The magic dart hits the adder.
The adder hisses angrily.
Aim: an adder (lightly wounded)
The magic dart hits the adder.
Aim: an adder (heavily wounded)
The magic dart hits the adder!
You kill the adder!
You can't see any susceptible monsters within range! (Use Z to cast anyway.)
You can't see any susceptible monsters within range! (Use Z to cast anyway.)
You start resting.
You butcher the adder corpse.
o - a chunk of flesh You see here an adder skeleton. x2
Eating a chunk of flesh.
You eat the chunk of flesh.
You are feeling hungry.
You open the door.
There is an open door here.
A centaur comes into view.
The centaur shouts!
The centaur wields a +0 shortbow.
The centaur shoots an arrow.
The arrow barely misses you.
The centaur shoots an arrow.
The arrow closely misses you.
A centaur is nearby!
A centaur is nearby!
Aim: a centaur, wielding a +0 shortbow The magic dart hits the centaur.
The centaur shoots an arrow.
The arrow hits you!
Aim: a centaur, wielding a +0 shortbow (moderately wounded)
The magic dart hits the centaur.
The centaur shoots an arrow.
The arrow closely misses you.
The centaur shoots an arrow.
The arrow completely misses you.
The centaur shoots an arrow.
The arrow hits you.
Aim: a centaur, wielding a +0 shortbow (heavily wounded)
The searing ray hits the centaur. (Press . to maintain the ray.)
The centaur shoots an arrow.
The arrow hits you!
The searing ray hits the centaur.
The centaur shoots an arrow.
The arrow barely misses you.
The centaur shoots an arrow.
The arrow hits you!
* * * LOW HITPOINT WARNING * * *
The searing ray misses the centaur.
The centaur shoots an arrow.
The arrow misses you.
The searing ray hits the centaur!
You finish channeling your searing ray.
The centaur shoots an arrow.
The arrow hits you!
* * * LOW HITPOINT WARNING * * *
The centaur shoots an arrow.
The arrow hits you!
You die...

*******,******+#........,,,*+**##
*,,,,,,,,,#........,,,*,,,#.
*,,,,,,,,,#........,,,*,,,#.
*,,,,,,,,,#.c......,,,+,,,#.
**,****####........,,,*,**#.
******#...(#*******########
*,,,+.(..#,,,,,,,........
*,,,#...(#,,,,,,,........
*,,,#...@####+#####+####'
*****,,,#...................>
**,,,*,,,#..(.................
*,,,,,,,,#....................
*,,,,,,,,+....................
*****,,,,,,,#....................
,,,,*,,,**,,#....................
,,,,*,,,**,,######....###+#####+#
,,,,*,,,**,,,#...#....#,,,,,*,,,,


You could see a centaur.

Vanquished Creatures
  A water moccasin (D:5)
  A phantom (D:4)
  2 ogres (D:4)
  A bullfrog (D:4)
  A scorpion (D:4)
  A crimson imp (D:5)
  2 worker ants
  2 orc wizards
  A hound skeleton (D:4)
  Robin (D:3)
  4 adders
  An ooze (D:3)
  An adder zombie (D:5)
  3 dart slugs
  6 leopard geckos
  12 orcs
  7 bats
  2 giant cockroaches
  14 goblins
  8 hobgoblins
  3 jackals (D:2)
  3 quokkas
  7 frilled lizards
  9 kobolds
  A leopard gecko skeleton (D:4)
  A quokka skeleton (D:5)
  12 rats
107 creatures vanquished.

Notes
Turn   | Place    | Note
-------+----------+-------------------------------------------
     0 | D:1      | DavidChitty2 the Draconian Conjurer began the quest for the
                  | Orb.
     0 | D:1      | Reached XP level 1. HP: 14/14 MP: 3/3
   385 | D:1      | Reached XP level 2. HP: 22/22 MP: 1/5
   389 | D:1      | Learned a level 2 spell: Searing Ray
   896 | D:1      | Reached skill level 1 in Fighting
  1134 | D:1      | Reached XP level 3. HP: 28/28 MP: 1/6
  2262 | D:2      | Reached XP level 4. HP: 36/36 MP: 1/7
  2323 | D:2      | Learned a level 4 spell: Iskenderun's Mystic Blast
  2473 | D:2      | Reached skill level 5 in Conjurations
  2593 | D:2      | Found a burning altar of Makhleb.
  3045 | D:3      | Noticed Robin
  3347 | D:3      | Reached XP level 5. HP: 42/42 MP: 4/9
  3441 | D:3      | Killed Robin
  3894 | D:4      | Noticed an ogre
  3901 | D:4      | Killed an ogre
  4092 | D:4      | Reached skill level 6 in Conjurations
  4092 | D:4      | Reached XP level 6. HP: 36/51 MP: 2/11
  4880 | D:4      | Your scales start taking on a rich purple colour.
  4880 | D:4      | Reached XP level 7. HP: 44/58 MP: 7/14
  5110 | D:5      | Entered Level 5 of the Dungeon
  5470 | D:5      | Reached skill level 5 in Spellcasting
  5470 | D:5      | Reached skill level 7 in Conjurations
  5860 | D:5      | Shot with an arrow by a centaur

Levels and vault maps discovered:
D:1:      minmay_arrival_checkered_box, layout_loops_corners
D:2:      layout_basic, bloody_makhleb
D:3:      layout_loops_ring, uniq_robin
D:4:      layout_basic, first_ration
D:5:      layout_gridville

Skill      XL: |  1  2  3  4  5  6  7 |
---------------+----------------------+-----
Fighting       | 1 2 3 4 |  4.3
Conjurations   | 5 6 7 |  7.2
Spellcasting   | 3 4 5 |  5.2
Dodging        | |  1.7
Stealth        | |  1.7

Action                   |  1- 3 |  4- 6 |  7- 9 || total
-------------------------+-------+-------+-------++-------
Melee: Unarmed           |    13 |       |       ||    13
       Short sword       |    23 |    10 |       ||    33
       Tailslap          |     2 |     4 |       ||     6
       Falchion          |       |    22 |       ||    22
 Cast: Magic Dart        |    93 |   111 |    52 ||   256
       Searing Ray       |       |     5 |     2 ||     7
  Use: Scroll            |       |       |    12 ||    12
  Eat: Chunk             |     5 |     8 |     3 ||    16
Armor: Skin              |    15 |    15 |     1 ||    31
Dodge: Dodged            |    23 |    28 |    14 ||    65
       Rpst.: Falchion   |       |     4 |     6 ||    10

Table legend:
 A = Non-vault XP
 B = Vault XP
 C = Vault XP percentage of total XP
 D = Non-vault monster count
 E = Vault monster count
 F = Vault count percentage of total count
                 A         B        C        D         E       F
            +---------+---------+-------+---------+---------+-------
      Total |    1091 |      35 |   3.1 |      96 |      11 |  10.3
            +---------+---------+-------+---------+---------+-------
        D:1 |      44 |       0 |   0.0 |      23 |       0 |   0.0
        D:2 |     123 |       0 |   0.0 |      31 |       0 |   0.0
        D:3 |      30 |      35 |  53.8 |      16 |      11 |  40.7
        D:4 |     623 |       0 |   0.0 |      15 |       0 |   0.0
        D:5 |     271 |       0 |   0.0 |      11 |       0 |   0.0
            +---------+---------+-------+---------+---------+-------
